 Dungeon Crawl Stone Soup version 0.31-a0-496-g6f97920a28 (webtiles) character file.

Game seed: 6524880247545340709

93 AstroCodex24 the Covered (level 4, -6/35 HPs)
             Began as a Vampire Fighter on Aug 8, 2023.
             Mangled by an orc wizard
             ... wielding a +0 dagger of electrocution
              (19 damage)
             ... on level 3 of the Dungeon.
             The game lasted 00:03:04 (563 turns).

AstroCodex24 the Covered (Vampire Fighter)           Turns: 563, Time: 00:03:05

Health: -6/35      AC:  6    Str: 17    XL:     4   Next: 37%
Magic:  4/4        EV:  9    Int: 10    God:
Gold:   31         SH:  4    Dex: 13    Spells: 3/3 levels left

rFire   . . .        a - +0 war axe
rCold   . . .        c - +0 buckler
rNeg    . . .        b - +0 scale mail
rPois   .            (no helmet)
rElec   .            (no cloak)
rCorr   .            (no gloves)
SInv    +            (no boots)
Will    .....        (no amulet) Stlth
                     (no ring)
HPRegen 0.45/turn    (no ring)
MPRegen 0.09/turn

%: no passive effects
@: healing quickly
A: alive, fangs 3, see invisible, vampiric 2
a: Exsanguinate


You were on level 3 of the Dungeon.
You visited 1 branch of the dungeon, and saw 4 of its levels.

You collected 31 gold pieces.

Inventory:

Hand Weapons
 a - a +0 war axe (weapon)
Armour
 b - a +0 scale mail (worn)
 c - a +0 buckler (worn)
Jewellery
 i - an amulet of the acrobat
Scrolls
 e - a scroll of identify {unknown}
 j - a scroll of torment {unknown}
Potions
 d - 2 potions of might
 f - 2 potions of mutation {unknown}
 g - a potion of haste {unknown}
 h - 2 potions of brilliance {unknown}


   Skills:
 + Level 3.2 Fighting
 + Level 2.5 Axes
 + Level 3.2 Armour
 + Level 0.3 Dodging
 + Level 3.1 Shields


You had 3 spell levels left.
You didn't know any spells.
Your spell library was empty.

Dungeon Overview and Level Annotations

Branches:
Dungeon (4/15)
 Temple: D:4-7

Altars:
Dithmenos
Yredelemnul


Innate Abilities, Weirdness & Mutations

Your natural rate of healing is accelerated.
You have razor-sharp teeth.
You have supernaturally acute eyesight. (SInv)
You are afflicted with vampirism and can become a bat while bloodless.


Message History

The orc is almost dead.
The orc barely misses you.
You closely miss the orc.
The orc is almost dead.
You block the orc's attack. The orc hits you with a +0 hand axe.
You hit the orc.
You kill the orc!
Things that are here:
a +0 hand axe; an orc corpse You see here an adder corpse.
There is a stone staircase leading down here.
You climb downwards.
You hear the hiss of flowing sand.
There is an entrance to an ossuary on this level.
Hurry and find it before the portal is buried!
You hear the slow hiss of a distant avalanche of sand.
There is a stone staircase leading up here.
The orc wizard gestures at you while chanting.
You resist with some effort.
You climb upwards.
There is a stone staircase leading down here.
You barely miss the orc wizard.
The orc wizard hits you with a +0 dagger of electrocution.
You slash the orc wizard!
The orc wizard is heavily wounded.
The orc wizard hits you with a +0 dagger of electrocution.
You closely miss the orc wizard.
The orc wizard is heavily wounded.
The orc wizard mumbles some strange words.
The orc wizard flickers and vanishes for a moment.
The orc wizard hits you but does no damage.
You are electrocuted!
You closely miss the orc wizard.
The orc wizard is heavily wounded.
You block the orc wizard's attack.
You barely miss the orc wizard.
The orc wizard is heavily wounded.
The orc wizard hits you but does no damage. x2
You are electrocuted!!
Ouch! That really hurt!
You die...

.....###....##...###.
#.#.##......##.### .
#..).)...........#
###.##.....#######
...###...#####
########.##...#
#######.........#
#...[.#.##.#....##
#.).†@#.##........
#....o.......###..
#.....#.#....# .
#.....#.#....###.#
#######..........#
####.##...## #.# ####
#.# # #># #


You could see an orc wizard (invisible).

Vanquished Creatures
  An orc wizard (D:3)
  4 adders (D:3)
  2 dart slugs (D:1)
  5 orcs (D:3)
  A ball python (D:3)
  3 bats (D:3)
  An endoplasm (D:3)
  3 goblins (D:3)
  A hobgoblin (D:3)
  2 quokkas
  A rat (D:3)
24 creatures vanquished.

Notes
Turn   | Place    | Note
-------+----------+-------------------------------------------
     0 | D:1      | AstroCodex24 the Vampire Fighter began the quest for the
                  | Orb.
     0 | D:1      | Reached XP level 1. HP: 17/17 MP: 1/1
   169 | D:3      | Reached XP level 2. HP: 23/23 MP: 2/2
   296 | D:3      | Found a shadowy altar of Dithmenos.
   306 | D:3      | Gained mutation: You are afflicted with vampirism and can
                  | become a bat while bloodless. [Vampire growth]
   306 | D:3      | Reached XP level 3. HP: 20/29 MP: 3/3
   508 | D:4      | Found a basalt altar of Yredelemnul.
   518 | D:3      | Reached XP level 4. HP: 28/35 MP: 4/4
   563 | D:3      | Mangled by an orc wizard

Illustrated notes

Levels and vault maps discovered:
D:1:      eino_arrival_cavern_a, layout_basic, serial_shops, shop,
          ebering_ecumenical_altar_mist
D:2:      minmay_roachtagon, layout_basic, minmay_misc_feat_nine_boxes,
          uniq_robin
D:3:      minmay_angry_zag, layout_loops_cross,
          mainiacjoe_overflow_surrounded_room, chequers_serial_rivers_small_b,
          kennysheep_another_room, amcnicky_mini_pool_small
D:4:      layout_loops_ring, yredelemnul_altar_generic,
          chequers_ossuary_entry_cave, corexii_corridor_pit, uniq_edmund

Skill      XL: |  1  2  3 |
---------------+----------+-----
Fighting       | 3 |  3.2
Shields        | 3 |  3.1
Axes           | 2 |  2.5
Armour         | 3 |  3.2
Dodging        | |  0.3

Action                     |  1- 3 |  4- 6 || total
---------------------------+-------+-------++-------
  Melee: War axe           |    61 |    15 ||    76
         Bite              |     3 |       ||     3
 Armour: Scale mail        |    35 |     9 ||    44
  Dodge: Dodged            |    32 |    13 ||    45
  Block: Buckler           |    16 |     7 ||    23

Table legend: (Time is in decaauts)
 A = Elapsed time spent in this place.
 B = Non-inter-level travel time spent in this place.
 C = Inter-level travel time spent in this place.
 D = Time resting spent in this place.
 E = Time spent auto-exploring this place.
 F = Levels seen in this place.
 G = Mean time per level.
                   A        B        C        D        E       F      G
               +--------+--------+--------+--------+--------+-----+--------+
         Total |    599 |    594 |      5 |      0 |      0 |   4 |  149.8 |
       Dungeon |    599 |    594 |      5 |      0 |      0 |   4 |  149.8 |
               +--------+--------+--------+--------+--------+-----+--------+

Top non-repeatable levels by time:
     D:3: 451 daAuts
     D:1: 101 daAuts
     D:2: 38 daAuts
     D:4: 8 daAuts
